 Dungeon Crawl Stone Soup version 0.21.3-3-g218456f21e (webtiles) character file.

25 DogServant the Ruffian (level 2, 0/25 HPs)
             Began as a Draconian Transmuter on Oct 22, 2020.
             Succumbed to an adder's poison
             ... on level 2 of the Dungeon.
             The game lasted 00:01:33 (1218 turns).

DogServant the Ruffian (Draconian Transmuter)       Turns: 1218, Time: 00:01:33

Health: 0/25       AC:  4    Str: 12    XL:     2   Next: 82%
Magic:  4/5        EV: 12    Int: 13    God:
Gold:   92         SH:  0    Dex: 11    Spells: 4/5 levels left

rFire    + . .     SeeInvis .     - Unarmed
rCold    x . .     Gourm    .   (no shield)
rNeg     . . .     Faith    +   (armour unavailable)
rPois    .         Spirit   .   (helmet restricted)
rElec    .         Reflect  .   (no cloak)
rCorr    .         Harm     .   (no gloves)
MR       .....                  (no boots)
Stlth    +.........             p - amulet of faith
HPRegen  0.08/turn              h - ring of flight
MPRegen  0.09/turn              l - ring of fire

@: lethally poisoned (0 -> -5), very slightly contaminated
A: unfitting armour, cold-blooded, AC +4
a: Evoke Flight


You were on level 2 of the Dungeon.
You were not hungry.

You visited 1 branch of the dungeon, and saw 2 of its levels.

You collected 92 gold pieces.

Inventory:

Missiles
 a - 12 arrows
Jewellery
 h - a ring of flight (left hand)
 l - a ring of fire (right hand)
 p - an amulet of faith (around neck)
Scrolls
 e - a scroll of remove curse {unknown}
 f - 2 scrolls of teleportation {unknown}
 g - 2 scrolls of fog {unknown}
 j - a scroll of enchant armour {unknown}
 k - 2 scrolls of identify {unknown}
 o - a scroll of amnesia {unknown}
Potions
 d - 4 potions of mutation {unknown}
 i - a potion of heal wounds {unknown}
 m - a potion of haste {unknown}
 n - a potion of lignification {unknown}
Books
 b - a book of Changes

   Spells                             Type                      Level
   a - Beastly Appendage              Transmutation                1
   b - Sticks to Snakes               Transmutation                2
   c - Spider Form                    Transmutation/Poison         3
   d - Ice Form                       Ice/Transmutation            4
   e - Blade Hands                    Transmutation                5
Comestibles
 c - 7 rations


   Skills:
 + Level 2.3 Fighting
 - Level 1.7 Dodging
 + Level 3.6 Unarmed Combat
 - Level 2.0 Spellcasting
 - Level 2.0 Transmutations


You had 4 spell levels left.
You knew the following spells:

 Your Spells              Type           Power        Failure   Level  Hunger
a - Beastly Appendage     Tmut           #.....       11%         1    ##.....


Dungeon Overview and Level Annotations

Branches:
Dungeon (2/15)

Altars:
Makhleb


Innate Abilities, Weirdness & Mutations

Your plain brown scales are hard. (AC +4)
You cannot fit into any form of body armour.
You are cold-blooded and may be slowed by cold attacks.


Message History

* * * LOW HITPOINT WARNING * * *
You hit the adder.
Your tail-slap misses the adder.
The adder is lightly wounded.
The adder bites you.
* * * LOW HITPOINT WARNING * * *
You closely miss the adder. The adder barely misses you.
You hit the adder. You tail-slap the adder.
The adder is severely wounded.
You feel sick.
You are no longer poisoned.
The adder closely misses you.
You hit the adder but do no damage.
The adder is severely wounded.
The adder bites you.
* * * LOW HITPOINT WARNING * * *
You are lethally poisoned!
The adder poisons you! The adder barely misses you.
You miss the adder.
Your tail-slap misses the adder.
The adder is severely wounded.
You die...

...##.# ......#
##.##.############
##.##.##.......<..
##.##............#
##.##.#>..######.#
##.##.#.....^# #.#
......#...##.# #S# #
.....#######.###@##.#
#...# #.#......# #.#
#####.#.#.###### #.#
###...(........[...
.#...........###.#####
.#.###.###>### .# #
.... # #... # ##..#
#.#.#. #...# #......


You could see an adder.

Vanquished Creatures
  An adder (D:2)
  A leopard gecko (D:1)
  4 hobgoblins
  A quokka (D:2)
  A frilled lizard (D:2)
  3 goblins
  A kobold (D:1)
  3 rats
15 creatures vanquished.

Notes
Turn   | Place    | Note
-------+----------+-------------------------------------------
     0 | D:1      | DogServant the Draconian Transmuter began the quest for the Orb.
     0 | D:1      | Reached XP level 1. HP: 16/16 MP: 3/3
   528 | D:1      | Reached XP level 2. HP: 21/24 MP: 3/5
  1096 | D:2      | Found a faded altar of an unknown god.
  1122 | D:2      | Found a burning altar of Makhleb.
  1217 | D:2      | HP: 1/25 [adder (3)]
  1218 | D:2      | Succumbed to an adder's poison

Skill      XL: |  1  2 |
---------------+-------+-----
Fighting       | 2 |  2.3
Dodging        | |  1.7
Unarmed Combat | |  3.6
Spellcasting   | |  2.0
Transmutations | |  2.0

Action                   || total
-------------------------++-------
Melee: Unarmed           ||    64
       Tailslap          ||     6
 Cast: Beastly Appendage ||    10
  Eat: Chunk             ||     1
Armor: Skin              ||    17
Dodge: Dodged            ||    27
